AoeStats
← tarepo

Yucatan

503227806Analyzed
4v4 RM · 1mo ago on Aug 30, 2026· 17m 25s· 8 players
Game mode
Random Map
Map size
Large (8 player)
Population
200
Speed
Normal
Resources
Standard
Victory
Conquest
Starting age
Dark Age
Ending age
Imperial Age
RankedLock teamsTeams togetherTeam positionsShared explorationLock speedFull tech treeHidden civsTurbo modeCheats
Victory
Defeat
🇭🇷 Magyars · Croatia
750
+14
🇮🇳 Byzantines · India
714
+16
🇵🇹 Persians · Portugal
705
+16
🇮🇳 Teutons · India
660
+18
🇺🇸 Huns · United States
824
-21
🇹🇼 Khmer · Taiwan
784
-42
🇧🇷 Persians · Brazil
626
-12
🇨🇭 Franks · Switzerland
610
-12
yenepu
0:29 Loom
12:44 Feudal Age
15:06 Double-Bit Axe
15:55 Bloodlines
Lagavulin
10:38 Feudal Age
11:23 Double-Bit Axe
13:53 Horse Collar
boomxboom
6:12 Loom
13:12 Feudal Age
13:45 Double-Bit Axe
viharsj27
13:38 Feudal Age
14:25 Double-Bit Axe
14:23 Horse Collar
19:20 Castle Age
CouthTortoise40
0:39 Loom
tarepo
11:38 Feudal Age
10:09 Loom
Diego-NA
1:37 Loom
13:52 Feudal Age
16:40 Wheelbarrow
暖心
12:04 Feudal Age
15:14 Wheelbarrow
15:06 Double-Bit Axe
Connection lost

Rejoining the realm…

Still unreachable

The connection could not be restored.

Session expired

The server has moved on; the page needs a fresh start.